Map: Divergence LE

Players

Massa - Winner!

  • Race: Terran Terran
  • Spawn Location: 5:00

qqq - Winner!

  • Race: Protoss Protoss
  • Spawn Location: 5:00

faery

  • Race: Protoss Protoss
  • Spawn Location: 11:00

KaneHelax

  • Race: Zerg Zerg
  • League: Gold
  • Spawn Location: 11:00

VOD

Have the link to the VOD?

Description

Time

  • Played on: June 12, 2020, 7:05 a.m.
  • Length: 8:21
Show
View Real Time Build Order
Export as new Build Order

Massa Terran - Winner!

Build Orders:  

Get SALT Encoding   

  12  0:05  SCV  
  13  0:17  Supply Depot  
  13  0:20  SCV  
  14  0:32  SCV  
  15  0:41  Barracks  
  15  0:44  SCV  
  16  0:56  Supply Depot  
  16  0:57  SCV  
  17  1:07  Refinery  
  17  1:09  SCV  
  18  1:21  SCV  
  19  1:31  Marine  
  20  1:40  Command Center  
  20  1:49  Marine  
  21  2:00  Barracks  
  21  2:03  SCV  
  21  2:07  Marine  
  24  2:15  SCV  
  24  2:27  SCV  
  25  2:30  Barracks  
  25  2:31  Marine  
  26  2:49  Barracks Tech Lab, Marine  
  27  2:57  Factory  
  27  3:00  Orbital Command  
  27  3:05  Barracks  
  27  3:13  Concussive Shells  
  27  3:24  Barracks Tech Lab  
  27  3:25  Barracks Tech Lab, Supply Depot  
  29  3:27  Marauder  
  29  3:38  SCV  
  30  3:42  SCV  
  30  3:45  Factory Tech Lab  
  31  3:50  SCV  
  31  3:54  Barracks Reactor, SCV  
  33  3:57  Refinery  
  33  4:02  Marauder x2  
  37  4:03  SCV, Marine  
  37  4:06  SCV  
  40  4:15  SCV  
  41  4:19  SCV  
  42  4:27  SCV  
  43  4:33  SCV  
  44  4:39  SCV  
  44  4:44  Siege Tank  
  48  4:45  SCV  
  48  4:50  Bunker  
  50  4:56  Orbital Command  
  50  4:58  SCV  
  50  5:16  Command Center  
  45  5:21  Marauder x3, Marine x2  
  44  5:39  Marine x2  
  44  5:42  SCV x2  
  45  5:43  Marauder x3  
  49  5:54  SCV x2  
  49  5:57  Marine x2  
  53  6:06  SCV  
  54  6:16  Supply Depot x4  
  54  6:17  Supply Depot  
  54  6:19  Engineering Bay  
  54  6:28  Marauder x3  
  60  6:38  SCV  
  60  6:39  SCV  
  62  6:49  Marauder x3  
  62  6:50  SCV  
  62  6:51  SCV  
  70  7:00  Marine x2  
  72  7:03  SCV  
  62  7:10  Marauder x3  
  64  7:18  Marine x2  
  66  7:31  Marine x2  
  66  7:32  Marauder  
  66  7:34  Refinery  
  66  7:35  Marine  
  66  7:36  Marine  
  68  7:38  Refinery, SCV x2  
  68  7:39  SCV  
  63  7:49  Marine x2  
  63  7:50  SCV  
  63  7:51  SCV x2  
  68  7:53  Marine x2  
  68  7:54  Marine  
  71  8:03  SCV x3  
Show
View Real Time Build Order
Export as new Build Order

qqq Protoss - Winner!

Build Orders:  

Get SALT Encoding   

  12  0:02  Probe  
  13  0:15  Probe  
  13  0:20  Pylon  
  14  0:32  Probe  
  15  0:40  Gateway  
  15  0:44  Probe  
  16  0:56  Probe  
  17  1:29  Probe  
  17  1:32  Assimilator  
  18  1:35  Cybernetics Core  
  18  1:46  Nexus  
  18  1:51  Probe  
  19  1:57  Assimilator  
  19  2:03  Probe  
  20  2:15  Probe  
  21  2:27  Probe  
  21  2:36  Robotics Facility  
  21  2:39  Probe  
  22  2:51  Probe, Robotics Facility  
  23  3:10  Stalker  
  25  3:24  Immortal  
  25  3:27  Probe  
  30  3:30  Assimilator  
  30  3:39  Probe, Immortal  
  35  3:48  Pylon  
  35  3:51  Probe  
  36  4:03  Probe  
  36  4:06  Immortal  
  41  4:10  Pylon  
  41  4:15  Probe  
  41  4:16  Pylon  
  42  4:26  Probe  
  43  4:34  Probe, Immortal  
  47  4:42  Probe  
  48  4:46  Observer  
  50  4:53  Probe  
  51  5:01  Sentry  
  51  5:05  Probe  
  54  5:07  Immortal  
  58  5:18  Probe  
  59  5:30  Probe  
  60  5:42  Probe  
  61  5:54  Probe  
  61  5:56  Pylon  
  62  5:57  Pylon x2  
  62  6:00  Pylon  
  62  6:14  Probe, Immortal  
  62  6:15  Immortal  
  71  6:19  Pylon  
  71  6:23  Pylon  
  71  6:26  Probe  
  71  6:29  Pylon  
  72  6:38  Probe  
  73  6:50  Probe  
  73  6:53  Immortal  
  78  6:54  Immortal  
  82  7:02  Probe  
  83  7:32  Immortal  
Show
View Real Time Build Order
Export as new Build Order

faery Protoss 

Build Orders:  

Get SALT Encoding   

  12  0:06  Probe  
  13  0:20  Probe  
  14  0:24  Pylon  
  14  0:32  Probe  
  15  0:45  Probe  
  15  0:49  Gateway  
  16  0:54  Probe  
  16  0:56  Assimilator  
  17  1:11  Probe  
  18  1:19  Probe  
  19  1:29  Probe  
  20  1:36  Cybernetics Core  
  20  1:40  Pylon  
  20  1:41  Probe  
  21  1:53  Probe  
  22  2:04  Gateway  
  22  2:05  Probe  
  22  2:06  Gateway  
  23  2:17  Probe, Twilight Council  
  24  2:27  Pylon  
  24  2:29  Probe, Warp Gate  
  25  2:41  Probe, Assimilator  
  26  2:48  Adept  
  28  2:53  Adept  
  28  2:55  Adept  
  32  3:08  Nexus  
  32  3:23  Adept  
  32  3:25  Pylon  
  34  3:30  Adept  
  34  3:31  Adept  
  38  3:50  Assimilator  
  38  3:51  Probe  
  39  3:56  Stalker  
  39  4:01  Resonating Glaives  
  41  4:03  Probe  
  40  4:39  Probe  
  40  4:43  Stalker x3  
  47  4:51  Probe  
  47  4:52  Forge  
  48  5:03  Probe  
  49  5:15  Probe  
  40  5:52  Probe  
  40  5:56  Probe  
  42  6:00  Robotics Facility  
  42  6:04  Probe, Dark Shrine  
  42  6:08  Probe  
  44  6:17  Probe, Assimilator  
  45  6:19  Charge  
  45  6:20  Probe  
  45  6:22  Zealot x3  
  52  6:29  Probe  
  52  6:32  Probe  
  46  6:41  Probe  
  46  6:44  Probe  
  48  6:51  Zealot x2  
  48  6:52  Zealot  
  48  6:53  Probe  
  57  7:00  Nexus  
  47  7:05  Probe  
  44  7:19  Adept x3  
  46  7:50  Adept x3  
Show
View Real Time Build Order
Export as new Build Order

KaneHelax Zerg 

Build Orders: Hatch First 

Get SALT Encoding   

  12  0:01  Drone  
  13  0:13  Overlord  
  13  0:16  Drone  
  14  0:34  Drone x2  
  16  0:55  Drone  
  16  0:57  Drone  
  18  1:03  Hatchery, Extractor  
  16  1:16  Spawning Pool  
  16  1:17  Drone  
  16  1:32  Drone x2  
  18  1:33  Drone  
  19  1:51  Overlord  
  19  1:58  Drone  
  20  2:02  Queen  
  22  2:10  Zergling x2  
  22  2:14  Queen  
  25  2:22  Zergling x2  
  26  2:52  Zergling x4  
  26  2:56  Baneling Nest  
  26  2:57  Drone  
  28  3:01  Drone x3  
  31  3:15  Metabolic Boost  
  31  3:22  Spine Crawler  
  31  3:24  Drone x2  
  31  3:25  Drone x4  
  31  3:26  Overlord  
  36  3:34  Overlord  
  36  3:42  Baneling x3  
  36  3:44  Zergling x6  
  36  3:45  Zergling x2  
  36  3:47  Zergling x2  
  41  3:55  Lair  
  41  3:57  Extractor  
  41  4:02  Drone  
  41  4:03  Drone, Evolution Chamber  
  41  4:08  Drone x2  
  43  4:11  Drone  
  43  4:12  Drone  
  43  4:14  Drone  
  43  4:16  Drone  
  47  4:29  Zerg Melee Weapons Level 1  
  47  4:34  Zergling x2  
  47  4:35  Zergling x8  
  47  4:36  Baneling  
  47  4:37  Baneling, Evolution Chamber  
  51  4:52  Drone  
  52  4:54  Overlord  
  52  4:55  Overlord x2  
  52  5:04  Zerg Ground Armor Level 1  
  49  5:20  Zergling x18  
  51  5:28  Zergling x2  
  48  5:29  Zergling x4  
  50  5:50  Centrifical Hooks  
  50  5:54  Drone x3  
  53  5:58  Extractor  
  53  5:59  Drone x3  
  53  6:00  Extractor, Hatchery  
  50  6:18  Drone  
  50  6:19  Drone  
  50  6:24  Queen  
  54  6:38  Drone x5  
  56  7:10  Zergling x2  
  56  7:11  Zergling x20  
  65  7:18  Zergling x8  
  57  7:38  Zergling x2  
  57  7:39  Zergling x8  
  57  7:41  Zergling x2  
  57  7:49  Zergling x2  
  57  7:51  Zergling x2  
  54  7:53  Zergling x6  
  54  7:55  Zergling x2  
  54  7:56  Zergling x4  
  62  7:59  Zergling x4  
Tags
 
Add a new tag
Caveats
  • Supply blocks, unpowered buildings, or Contaminate may cause inaccurate times.
  • Supply counts are checked every 10 seconds.